 Dungeon Crawl Stone Soup version 0.29-a0-275-g389c0b56f3 (webtiles) character file.

Game seed: 15657205153422182594

91 Morbidden the Conjurer (level 4, 0/40 HPs)
             Began as a Troll Conjurer on Mar 11, 2022.
             Killed from afar by Crazy Yiuf (9 damage)
             ... with a puff of flame
             ... on level 2 of the Dungeon.
             The game lasted 00:02:48 (1774 turns).

Morbidden the Conjurer (Troll Conjurer)             Turns: 1774, Time: 00:02:48

Health: 0/40       AC:  4    Str: 15    XL:     4   Next: 33%
Magic:  1/5        EV:  9    Int: 16    God:
Gold:   77         SH:  5    Dex:  8    Spells: 3/6 levels left

rFire   . . .      SeeInvis .     - Unarmed
rCold   . . .      Faith    .   (no shield)
rNeg    . . .      Spirit   .   l - +0 animal skin
rPois   .          Reflect  +   (helmet restricted)
rElec   .          Harm     .   (no cloak)
rCorr   .          Rampage  .   (gloves unavailable)
Will    .....                   (boots unavailable)
Stlth   +.........              f - amulet of reflection
HPRegen 0.93/turn               (no ring)
MPRegen 0.09/turn               (no ring)

@: no status effects
A: large, unfitting armour, claws 3, regeneration 1, shaggy fur 1, tough skin 1
a: no special abilities


You were on level 2 of the Dungeon.
You visited 1 branch of the dungeon, and saw 2 of its levels.

You collected 77 gold pieces.

Inventory:

Armour
 l - a +0 animal skin (worn)
Jewellery
 f - an amulet of reflection (around neck)
Scrolls
 c - 3 scrolls of identify {unknown}
 i - a scroll of magic mapping {unknown}
 j - a scroll of teleportation {unknown}
 k - a scroll of enchant weapon {unknown}
Potions
 a - a potion of haste
 b - 2 potions of magic
 d - a potion of brilliance {unknown}
 e - a potion of degeneration {unknown}
 g - 2 potions of mutation {unknown}
 h - 2 potions of heal wounds {unknown}
 m - a potion of curing {unknown}


   Skills:
 * Level 0.6 Fighting
 + Level 1.6 Dodging
 + Level 1.0 Stealth
 + Level 0.2 Shields
 * Level 1.8 Unarmed Combat
 * Level 1.5 Spellcasting
 * Level 3.7 Conjurations


You had 3 spell levels left.
You knew the following spells:

 Your Spells              Type           Power      Damage    Failure   Level
a - Magic Dart            Conj           52%        1d5       4%          1
b - Searing Ray           Conj           26%        2d5       7%          2

Your spell library contained the following spells:

 Spells                   Type           Power      Damage    Failure   Level
 Dazzling Flash           Conj/Hex       14%        N/A       30%         3
 Call Imp                 Summ           1%         N/A       32%         2
 Mephitic Cloud           Conj/Pois/Air  5%         N/A       36%         3
 Fulminant Prism          Conj/Hex       3%         3d6       71%         4
 Iskenderun's Mystic Bla  Conj/Tloc      7%         2d4       71%         4


Dungeon Overview and Level Annotations

Branches:
Dungeon (2/15)

Altars:

Annotations:
D:2 Crazy Yiuf


Innate Abilities, Weirdness & Mutations

You are too large for most types of armour.
You have claws for hands.
Your natural rate of healing is unusually fast.
You are covered in fur. (AC +1)
You have tough skin. (AC +1)


Message History

Press: ? - help, Shift-Dir - straight line, f/p - Crazy Yiuf
Aim: Crazy Yiuf, wielding a +2 quarterstaff of chaos, wearing a +2 cloak and carrying a wand of flame (18) (heavily wounded, 100% to hit)
The magic dart hits Crazy Yiuf.
Crazy Yiuf is heavily wounded.
Crazy Yiuf zaps a wand.
The puff of flame hits you.
Crazy Yiuf zaps a wand.
The puff of flame hits you.
* * * LOW HITPOINT WARNING * * *
Unknown command.
Crazy Yiuf laughs, "Goober sow arga!"
Crazy Yiuf zaps a wand.
The puff of flame misses you.
Unknown command.
Crazy Yiuf says, "Line canine sallow!"
Crazy Yiuf zaps a wand.
The puff of flame hits you!
* * * LOW HITPOINT WARNING * * *
Unknown command.
Casting: Magic Dart (safe; 4% risk of failure)
Confirm with . or Enter, or press ? or * to list all spells.
Aiming: Magic Dart (safe; 4% risk of failure)
Press: ? - help, Shift-Dir - straight line, f/p - Crazy Yiuf
Aim: Crazy Yiuf, wielding a +2 quarterstaff of chaos, wearing a +2 cloak and carrying a wand of flame (14) (heavily wounded, 100% to hit)
The magic dart hits Crazy Yiuf but does no damage.
Crazy Yiuf is heavily wounded.
Unknown command.
Crazy Yiuf says, "Dawk!"
Crazy Yiuf zaps a wand.
The puff of flame hits you.
Crazy Yiuf zaps a wand.
The puff of flame hits you!
* * * LOW HITPOINT WARNING * * *
Crazy Yiuf zaps a wand.
The puff of flame hits you.
* * * LOW HITPOINT WARNING * * *
Unknown command.
Unknown command.
Crazy Yiuf zaps a wand.
The puff of flame reflects off an invisible shield around you!
The puff of flame hits Crazy Yiuf.
Unknown command.
Unknown command.
Unknown command.
Unknown command.
Crazy Yiuf zaps a wand.
The puff of flame hits you!
You die...

#########
#.......#
#.......#
#.......#
#.......#
#...@>..#
########.......#
#..............#
#..............#
#
#.......)......#
#
#.........######
## #...g...###
.## #.......#
..##
#.......######


You could see Crazy Yiuf.

Vanquished Creatures
  Robin (D:2)
  2 worms (D:2)
  4 dart slugs
  2 ball pythons
  6 endoplasms
  2 giant cockroaches
  19 goblins
  7 hobgoblins
  2 jackals (D:1)
  3 kobolds (D:2)
  2 quokkas (D:2)
  3 bats
  3 frilled lizards
  A rat (D:2)
57 creatures vanquished.

Notes
Turn   | Place    | Note
-------+----------+-------------------------------------------
     0 | D:1      | Morbidden the Troll Conjurer began the quest for the Orb.
     0 | D:1      | Reached XP level 1. HP: 16/16 MP: 1/1
    45 | D:1      | Reached skill level 3 in Conjurations
   219 | D:1      | Reached XP level 2. HP: 24/24 MP: 0/2
   761 | D:2      | Reached XP level 3. HP: 31/31 MP: 0/4
   888 | D:2      | Learned a level 2 spell: Searing Ray
   931 | D:2      | Found a faded altar of an unknown god.
  1099 | D:2      | Reached skill level 1 in Unarmed Combat
  1126 | D:2      | Noticed Robin
  1170 | D:2      | Killed Robin
  1171 | D:2      | Reached XP level 4. HP: 30/40 MP: 5/5
  1431 | D:2      | Found a runed translucent door.
  1432 | D:2      | Noticed Crazy Yiuf
  1774 | D:2      | Killed from afar by Crazy Yiuf

Illustrated notes

Levels and vault maps discovered:
D:1:      scummos_arrival_checkerplants, layout_rooms
D:2:      layout_rooms, basic_ecumenical_altar, roderic_roman_lattice,
          nicolae_wormholes, uniq_crazy_yiuf_cottage, uniq_robin

Skill      XL: |  1  2  3 |
---------------+----------+-----
Conjurations   | 3 |  3.7
Unarmed Combat | 1 |  1.8
Fighting       | |  0.6
Dodging        | |  1.6
Stealth        | |  1.0
Shields        | |  0.2
Spellcasting   | |  1.5

Action                   |  1- 3 |  4- 6 || total
-------------------------+-------+-------++-------
Melee: Unarmed           |    95 |    25 ||   120
 Cast: Magic Dart        |    30 |     8 ||    38
       Searing Ray       |       |     1 ||     1
 Stab: Sleeping          |       |     1 ||     1
Armor: Robe              |    32 |     8 ||    40
       Animal skin       |       |     1 ||     1
Dodge: Dodged            |    39 |    14 ||    53
Block: Other             |    18 |     7 ||    25
       Reflection        |       |     2 ||     2

Table legend: (Time is in decaauts)
 A = Elapsed time spent in this place.
 B = Non-inter-level travel time spent in this place.
 C = Inter-level travel time spent in this place.
 D = Time resting spent in this place.
 E = Time spent auto-exploring this place.
 F = Levels seen in this place.
 G = Mean time per level.
                   A        B        C        D        E       F      G
               +--------+--------+--------+--------+--------+-----+--------+
         Total |   1771 |   1766 |      5 |      0 |   1414 |   2 |  885.5 |
       Dungeon |   1771 |   1766 |      5 |      0 |   1414 |   2 |  885.5 |
               +--------+--------+--------+--------+--------+-----+--------+

Top non-repeatable levels by time:
     D:2: 1061 daAuts
     D:1: 709 daAuts
